 Dungeon Crawl Stone Soup version 0.31.0-12-g77e489cdc1 (webtiles) character file.

Game seed: 10226111029267076130

3 Kallu the Conjurer (level 1, -2/14 HPs)
             Began as a Draconian Conjurer on Feb 16, 2024.
             Succumbed to a kobold's poison
             ... on level 1 of the Dungeon.
             The game lasted 00:00:22 (61 turns).

Kallu the Conjurer (Draconian Conjurer)               Turns: 61, Time: 00:00:23

Health: -2/14      AC:  4    Str:  9    XL:     1   Next: 41%
Magic:  1/3        EV: 12    Int: 18    God:
Gold:   0          SH:  0    Dex:  9    Spells: 3/4 levels left

rFire   . . .        c - +1 dagger (vamp)
rCold   . . .        (no shield)
rNeg    . . .        (body armour unavailable)
rPois   .            (helmet restricted)
rElec   .            (no cloak)
rCorr   .            (no gloves)
SInv    .            (no boots)
Will    .....        (no amulet)
Stlth   ++           (no ring)
HPRegen 0.22/turn    (no ring)
MPRegen 0.08/turn

%: no passive effects
@: lethally poisoned (-2 -> -11)
A: AC +4, unfitting armour, cold-blooded
a: no special abilities


You were on level 1 of the Dungeon.
You visited 1 branch of the dungeon, and saw 1 of its levels.

Inventory:

Hand Weapons
 c - a +1 vampiric dagger (weapon)
Potions
 a - a potion of magic


   Skills:
 - Level 1.7 Dodging
 - Level 1.7 Stealth
 + Level 2.2 Spellcasting
 - Level 4.0 Conjurations


You had 3 spell levels left.
You knew the following spells:

 Your Spells              Type           Power      Damage    Failure   Level
a - Magic Dart            Conj           64%        1d6       3%          1

Your spell library contained the following spells:

 Spells                   Type           Power      Damage    Failure   Level
 Searing Ray              Conj           32%        2d5       5%          2
 Fulminant Prism          Conj/Alch      4%         3d5       61%         4
 Iskenderun's Mystic Bla  Conj/Tloc      9%         2d4       61%         4


Dungeon Overview and Level Annotations

Branches:
Dungeon (1/15)

Altars:


Innate Abilities, Weirdness & Mutations

Your plain brown scales are hard. (AC +4)
You cannot fit into any form of body armour.
You are cold-blooded and may be slowed by cold attacks.


Message History

A kobold comes into view.
It is wielding a +2 short sword of venom.
The kobold shouts!
You see here a +1 vampiric dagger.
c - a +1 vampiric dagger You feel a sense of dread.
c - a +1 vampiric dagger (weapon)
A frilled lizard comes into view.
The frilled lizard hisses angrily.
You hit the kobold.
The kobold is heavily wounded.
The kobold hits you with a +2 short sword of venom.
You are poisoned.
You barely miss the kobold.
The kobold is heavily wounded.
You feel sick. The kobold barely misses you.
You closely miss the kobold.
The kobold is heavily wounded.
You feel sick. The kobold closely misses you.
You feel sick. The kobold attacks as it pursues you!
The kobold hits you with a +2 short sword of venom.
You are lethally poisoned!
A hobgoblin comes into view.
You are too injured to fight recklessly!
Aiming: Magic Dart (safe; 3% risk of failure)
Press: ? - help, Q - select action Shift-Dir - straight line, f - kobold
Aim: a kobold, wielding a +2 short sword of venom (heavily wounded, 100% to hit)
The magic dart hits the kobold.
You kill the kobold!
* * * LOW HITPOINT WARNING * * *
You feel very sick.
Aiming: Magic Dart (safe; 3% risk of failure)
Press: ? - help, Q - select action Shift-Dir - straight line, f - frilled lizard
Aim: a frilled lizard (100% to hit)
The magic dart hits the frilled lizard.
The frilled lizard is heavily wounded.
* * * LOW HITPOINT WARNING * * *
You feel very sick. The frilled lizard closely misses you.
It was a potion of cancellation.
You feel magically purged.
You die...

#.... #....
.... ...
.### .g
..)#
#.##...#
#..#...#
#l#...#
#@#...##
####.#....#
#.....#...#
#.........#
#.........#
#.....(...#
#######...#
.........##
#.#>#.#..#


You could see a hobgoblin and a frilled lizard.

Vanquished Creatures
  A goblin (D:1)
  A kobold (D:1)
  A rat (D:1)
3 creatures vanquished.

Notes
Turn   | Place    | Note
-------+----------+-------------------------------------------
     0 | D:1      | Kallu the Draconian Conjurer began the quest for the Orb.
     0 | D:1      | Reached XP level 1. HP: 14/14 MP: 3/3
    61 | D:1      | Succumbed to a kobold's poison

Illustrated notes

Levels and vault maps discovered:
D:1:      onia_arrival_handbag, layout_basic, serial_shops, shop

Action                     || total
---------------------------++-------
  Melee: Dagger            ||     3
   Cast: Magic Dart        ||     5
    Use: Potion            ||     1
 Armour: Skin              ||     2
  Dodge: Dodged            ||     3
